 Dungeon Crawl Stone Soup version 0.26-a0-649-gf8c6c3aab7 (webtiles) character file.

Game seed: 18046292400070637507

40250 DogServant the Fighter (level 13, 0/115 HPs)
             Began as a Demonspawn Abyssal Knight on Sept 27, 2020.
             Was a High Priest of Lugonu.
             Slain by a red ugly thing (14 damage)
             ... on level 15 of the Dungeon.
             The game lasted 00:43:27 (15146 turns).

DogServant the Fighter (Demonspawn Abyssal Knight) Turns: 15146, Time: 00:43:27

Health: 0/115      AC: 13    Str: 16    XL:     13   Next: 73%
Magic:  21/21      EV: 22    Int: 14    God:    Lugonu [*****.]
Gold:   540        SH:  0    Dex: 23    Spells: 7/12 levels left

rFire    . . .     SeeInvis .   x - +9 great sword "Fuocraup" {spect, Dex+9 Stlth-}
rCold    . . .     Faith    .   (shield currently unavailable)
rNeg     . . .     Spirit   .   z - +0 ring mail
rPois    .         Reflect  .   P - +2 helmet
rElec    .         Harm     .   I - scarf {shadows}
rCorr    .         Rampage  .   M - +0 pair of gloves
MR       .....                  (no boots)
Stlth    ..........             m - amulet of regeneration
HPRegen  0.69/turn              Z - +4 ring of slaying
MPRegen  0.17/turn              g - +4 ring of evasion

@: berserk cooldown, slowed, very slow
A: talons 2, rugged brown scales 3, spiny 1
a: Depart the Abyss, Bend Space, Banish, Corrupt, Enter the Abyss, Renounce
Religion


You were on level 15 of the Dungeon.
You worshipped Lugonu.
Lugonu was extremely pleased with you.
You visited 1 branch of the dungeon, and saw 15 of its levels.
You visited the Abyss 1 time.
You also visited: Bailey and Ice Cave.

You collected 974 gold pieces.
You spent 434 gold pieces at shops.

Inventory:

Hand Weapons
 x - the +9 great sword "Fuocraup" (weapon) {spect, Dex+9 Stlth-}
   (You bought it in a shop on level 5 of the Dungeon)

   It retains the spirit of the tree from which it was made.
   In the hands of one skilled in evocations this spirit is drawn out to fight
   along side the wielder.
   It affects your dexterity (+9).
   It makes you less stealthy.
Missiles
 t - 65 poisoned darts (quivered)
Armour
 z - a +0 ring mail (worn)
 I - a scarf of shadows (worn)
 M - a +0 pair of gloves (worn)
 P - a +2 helmet (worn)
Jewellery
 d - an uncursed ring of flight
 g - a +4 ring of evasion (right hand)
 k - an uncursed ring of poison resistance
 l - a +6 ring of intelligence
 m - an amulet of regeneration (around neck)
 v - an uncursed ring of protection from fire
 F - an uncursed ring of stealth {unknown}
 G - an uncursed ring of resist corrosion {unknown}
 Z - a +4 ring of slaying (left hand)
Wands
 a - a wand of disintegration (10)
 o - a wand of enslavement (4)
 y - a wand of digging (4)
 B - a wand of iceblast (14)
 K - a wand of flame (49)
 O - a wand of polymorph (17)
 W - a wand of random effects (25)
 X - a wand of paralysis (35)
Scrolls
 c - 2 scrolls of identify
 e - 10 scrolls of remove curse
 h - 4 scrolls of immolation
 q - 2 scrolls of teleportation
 s - 4 scrolls of amnesia
 C - a scroll of fog
 E - a scroll of fear
 L - 2 scrolls of enchant armour
 R - 3 scrolls of blinking
 V - 2 scrolls of magic mapping
 Y - 2 scrolls of silence {unknown}
Potions
 b - 3 potions of stabbing {unknown}
 f - 4 potions of might
 i - 8 potions of curing
 j - 3 potions of mutation
 n - 2 potions of magic
 p - 4 potions of lignification
 u - 3 potions of flight
 w - 4 potions of resistance
 A - 6 potions of brilliance
 D - a potion of cancellation
 H - 2 potions of ambrosia
 J - a potion of berserk rage
Miscellaneous
 T - a phial of floods


   Skills:
 + Level 12.2 Fighting
 + Level 11.1 Long Blades
 - Level 4.1 Armour
 - Level 9.2 Dodging
 + Level 4.5 Hexes
 + Level 4.1 Air Magic
 - Level 11.7 Invocations
 - Level 7.9 Evocations


You had 7 spell levels left.
You knew the following spells:

 Your Spells              Type           Power        Failure   Level
a - Silence               Hex/Air        #.........   94%         5

Your spell library contained the following spells:

 Spells                   Type           Power        Failure   Level
 Poisonous Vapours        Pois/Air       #.....       34%         2
 Cause Fear               Hex            #.........   63%         4
 Mephitic Cloud           Conj/Pois/Air  #.......     65%         3
 Conjure Flame            Conj/Fire      #.......     83%         3
 Yara's Violent Unravell  Hex/Tmut       #.........   99%         5
 Freezing Cloud           Conj/Ice/Air   #.........   100%        6
 Discord                  Hex            #.........   100%        8


Dungeon Overview and Level Annotations

Branches:
Dungeon (15/15)            Temple (0/1) D:7            Lair (0/6) D:11
    Orc (0/2) D:10         Depths (0/5) D:15         Bailey (visited)
  IceCv (visited)
 Vaults: D:13-14

Altars:
Ashenzari
Cheibriados
Dithmenos
Fedhas
Gozag
Makhleb
Nemelex Xobeh
Okawaru
Ru
Trog
Wu Jian
Yredelemnul
The Shining One

Shops:
D:5 (   D:6 ?   D:8 =!(*   D:10 =   D:11 (   D:13 (

Portals:
Trove: D:12 (give horn of Geryon)

Annotations:
D:4 corrupted
D:9 corrupted


Innate Abilities, Weirdness & Mutations

You have razor-sharp toenails.
You are completely covered in rugged brown scales. (AC +3, +7% HP)
You are partially covered in sharp spines.


Message History

Unknown command.
You slash the red ugly thing!
The red ugly thing is heavily wounded.
The red ugly thing completely misses you.
The red ugly thing is struck by your spines.
The red ugly thing headbutts you but does no damage.
The red ugly thing completely misses you.
The red ugly thing barely misses you.
You slash the red ugly thing!
The red ugly thing is heavily wounded.
You are no longer corroded.
The red ugly thing is struck by your spines.
The red ugly thing misses you.
The red ugly thing is struck by your spines.
The red ugly thing headbutts you.
You are engulfed in flames!!
* * * LOW HITPOINT WARNING * * *
The red ugly thing tail-slaps you.
* * * LOW HITPOINT WARNING * * *
You are engulfed in flames!
You die...

....≈≈...........#..##
..≈≈≈............####
..≈≈≈............###
,,≈≈≈............#.##
,,,,................#
,,,,.............#.##
*,,,,..........#####
***,,..........(#u.##
**,,,,,,...#....@†..#
*,,,,,,,........#u..#*
,,,,,,,,*..##..###...#
,,,,,,,,.##*#.##**..##
*,*,,*,,,,*#..,**,,.#
**,,,,,,,,,##.****,##
**,**,*,,***** ***
*********


You could see 2 ugly things and a friendly +9 great sword "Fuocraup" {spect,
Dex+9 Stlth-} (summoned).

Vanquished Creatures
  Jorgrun (D:13)
  Kirke (D:12)
  A dire elephant (D:15)
  2 centaur warriors
  6 two-headed ogres
  An ogre mage (D:15)
  A shock serpent (shapeshifter) (D:14)
  Sonja (D:13)
  An unseen horror (D:15)
  2 deep elf magi (D:13)
  2 cyclopes
  A salamander (D:15)
  A manticore (D:15)
  A wolf spider (D:15)
  11 ugly things
  Maurice (D:13)
  A centaur zombie (D:12)
  2 gargoyles
  2 rime drakes (D:15)
  A komodo dragon (D:15)
  2 kobold demonologists
  A merfolk (D:15)
  A troll (D:13)
  A hornet (D:12)
  10 slime creatures
  A hippogriff (D:7)
  A centaur simulacrum (D:15)
  Sigmund (D:4)
  A shadow (D:15)
  3 wraiths
  11 yaks
  A vampire (D:14)
  2 wyverns
  A hog (D:12)
  Edmund (D:5)
  An acid dragon (D:12)
  A soldier ant (D:10)
  4 porcupines (D:11)
  11 orc warriors
  4 black bears
  3 phantoms
  10 ice beasts
  4 sky beasts
  2 eyes of draining
  A wolf (D:15)
  5 centaurs
  A necrophage (D:13)
  7 ogres
  3 crocodiles
  3 big kobolds
  Blork the orc (D:6)
  9 bullfrogs
  A gnoll sergeant (D:11)
  A water moccasin zombie (D:10)
  2 wyvern zombies
  A hornet simulacrum (D:15)
  7 scorpions
  4 killer bees
  21 wights
  3 electric eels (D:15)
  4 howler monkeys
  A bullfrog zombie (D:10)
  6 hounds
  A quasit (D:7)
  7 centaur skeletons
  6 orc priests
  2 bullfrog skeletons
  5 orc wizards
  Jessica (D:3)
  4 iguanas
  7 worker ants
  10 adders
  15 gnolls
  A shadow imp (D:8)
  6 white imps
  3 adder zombies
  A worm (D:3)
  A dart slug (D:1)
  7 leopard geckos
  46 orcs
  3 ball pythons
  4 giant cockroaches
  26 goblins
  19 hobgoblins
  6 jackals
  4 quokkas
  8 bats
  3 frilled lizards
  16 kobolds
  A leopard gecko skeleton (D:9)
  3 rats
  A spectral orc (D:6)
416 creatures vanquished.

Vanquished Creatures (others)
  A water elemental (D:14)
  2 humans (D:12)
  A sky beast (D:14)
  2 killer bees (D:12)
  An orc priest (D:12)
  48 fungi (D:11)
  47 plants (D:11)
102 creatures vanquished.

Grand Total: 518 creatures vanquished

Notes
Turn   | Place    | Note
-------+----------+-------------------------------------------
     0 | Abyss:1  | DogServant the Demonspawn Abyssal Knight began the quest
                  | for the Orb.
     0 | Abyss:1  | Reached XP level 1. HP: 18/18 MP: 2/2
     0 | D:1      | Escaped the Abyss
   151 | D:1      | Reached * piety under Lugonu
   159 | D:1      | Reached skill level 1 in Dodging
   389 | D:1      | Gained mutation: You have sharp toenails. [demonic
                  | ancestry]
   389 | D:1      | Reached XP level 2. HP: 24/24 MP: 3/3
   780 | D:2      | Found a sacrificial altar of Ru.
   867 | D:2      | Gained mutation: You have razor-sharp toenails. [demonic
                  | ancestry]
   867 | D:2      | Reached XP level 3. HP: 26/29 MP: 5/5
  1252 | D:2      | Found a sparkling altar of Nemelex Xobeh.
  1253 | D:2      | Found a blossoming altar of Fedhas.
  1447 | D:3      | Noticed Jessica
  1454 | D:3      | Killed Jessica
  1644 | D:3      | Reached XP level 4. HP: 5/35 MP: 6/6
  3223 | D:3      | Reached ** piety under Lugonu
  3671 | D:4      | Noticed Sigmund
  3692 | D:4      | Killed Sigmund
  3692 | D:4      | Reached skill level 4 in Fighting
  3692 | D:4      | Reached XP level 5. HP: 5/42 MP: 6/8
  3692 | D:4      | Reached XP level 6. HP: 6/48 MP: 6/9
  4318 | D:4      | Found a snail-covered altar of Cheibriados.
  4353 | D:4      | Reached skill level 5 in Invocations
  4468 | D:4      | Found a bloodstained altar of Trog.
  4588 | D:4      | Found an ornate altar of the Wu Jian Council.
  4837 | D:5      | Entered Level 5 of the Dungeon
  5084 | D:5      | Reached XP level 7. HP: 50/55 MP: 10/10
  5547 | D:5      | Reached skill level 5 in Fighting
  5707 | D:5      | Found Ikiytt's Antique Weapon Shop.
  5713 | D:5      | Bought a dazzling great sword for 184 gold pieces
  5713 | D:5      | Identified the +9 great sword "Fuocraup" {spect, Dex+9
                  | Stlth-} (You bought it in a shop on level 5 of the Dungeon)
  5742 | D:5      | Found a burning altar of Makhleb.
  5743 | D:5      | Found a shadowy altar of Dithmenos.
  5836 | D:5      | Noticed Edmund
  5850 | D:5      | Killed Edmund
  5850 | D:5      | Reached skill level 1 in Evocations
  5850 | D:5      | Reached XP level 8. HP: 44/63 MP: 12/12
  5991 | D:6      | Noticed Blork the orc
  6000 | D:6      | Killed Blork the orc
  6134 | D:6      | Reached skill level 5 in Long Blades
  6301 | D:6      | Found a broken altar of Ashenzari.
  6523 | D:6      | Found a basalt altar of Yredelemnul.
  6623 | D:6      | Reached skill level 6 in Fighting
  6827 | D:6      | Found Gitiwkiw's Magic Scroll Emporium.
  6830 | D:6      | Bought a scroll of identify for 22 gold pieces
  6830 | D:6      | Bought a scroll of identify for 22 gold pieces
  6830 | D:6      | Bought a scroll of identify for 22 gold pieces
  6830 | D:6      | Bought 2 scrolls of identify for 44 gold pieces
  6935 | D:7      | Reached *** piety under Lugonu
  7220 | D:7      | Found a staircase to the Ecumenical Temple.
  7269 | D:7      | Gained mutation: You are partially covered in sharp spines.
                  | [demonic ancestry]
  7269 | D:7      | Reached XP level 9. HP: 71/71 MP: 14/14
  7767 | D:8      | Found Fehe's Antique Weapon Shoppe.
  7802 | D:8      | Reached skill level 7 in Fighting
  7869 | D:8      | Found Ujaicecs's Distillery.
  7887 | D:8      | Bought 2 potions of heal wounds for 140 gold pieces
  7900 | D:8      | Found Qyteu's Weapon Boutique.
  7972 | D:8      | Found Pohaqemn's Assorted Antiques.
  8058 | D:8      | Found an opulent altar of Gozag.
  8157 | D:8      | Found Cikhla's Jewellery Emporium.
  8207 | D:8      | Found a flagged portal.
  8214 | D:8      | Reached **** piety under Lugonu
  8223 | Bailey   | Entered a bailey
  8320 | Bailey   | Reached skill level 5 in Dodging
  8320 | Bailey   | Reached skill level 5 in Evocations
  8427 | Bailey   | Reached XP level 10. HP: 79/79 MP: 16/16
  8486 | Bailey   | Reached ***** piety under Lugonu
  8530 | Bailey   | Noticed an orc knight
  8530 | Bailey   | Noticed an orc warlord
  8835 | D:4      | Corrupted D:4
  8835 | D:4      | Noticed a smoke demon
  8835 | D:4      | Noticed a starcursed mass
  8835 | D:4      | Noticed a sixfirhy
  8835 | D:4      | Noticed a worldbinder
  8836 | D:4      | Noticed a great orb of eyes
  8836 | D:4      | Noticed a large abomination
  8842 | D:4      | Noticed a rakshasa
  8843 | D:4      | Noticed a sun demon
  8871 | D:4      | Noticed an orange demon
  8872 | D:4      | Noticed a smoke demon
  8881 | D:4      | Noticed a smoke demon
  9048 | D:9      | Found an iron altar of Okawaru.
  9209 | D:9      | Found a glowing golden altar of the Shining One.
  9343 | D:10     | Entered Level 10 of the Dungeon
  9516 | D:10     | Noticed a gargoyle
  9519 | D:10     | Killed a gargoyle
  9560 | D:10     | Found Wuim's Jewellery Shoppe.
  9731 | D:10     | Found a staircase to the Orcish Mines.
  9938 | D:10     | Reached skill level 8 in Fighting
 10052 | D:11     | Noticed a two-headed ogre
 10058 | D:11     | Killed a two-headed ogre
 10058 | D:11     | Reached skill level 10 in Invocations
 10458 | D:11     | Noticed a two-headed ogre
 10473 | D:11     | Killed a two-headed ogre
 10473 | D:11     | Gained mutation: You are partially covered in rugged brown
                  | scales. (AC +1, +3% HP) [demonic ancestry]
 10473 | D:11     | Reached XP level 11. HP: 79/89 MP: 18/18
 10514 | D:11     | Found a staircase to the Lair.
 10600 | D:11     | Found Ysudyiw's Weapon Boutique.
 10625 | D:11     | Noticed a brown ugly thing
 10626 | D:11     | Banished a brown ugly thing
 11260 | D:12     | Noticed Kirke
 11273 | D:12     | Killed Kirke
 11273 | D:12     | Reached skill level 9 in Fighting
 11607 | D:12     | Found a portal to a secret trove of treasure.
 11829 | D:12     | You fall into a shaft and drop 1 floor!
 11865 | D:13     | Noticed a deep elf knight
 11865 | D:13     | Noticed a vault guard
 11865 | D:13     | Noticed a vault guard
 11901 | D:13     | Noticed Maurice
 11906 | D:13     | Noticed a deep elf mage
 11909 | D:13     | Killed Maurice
 11913 | D:13     | Killed a deep elf mage
 11939 | D:13     | Noticed Sonja
 11942 | D:13     | Killed Sonja
 11998 | D:13     | Noticed Jorgrun
 12037 | D:13     | Noticed a deep elf mage
 12042 | D:13     | Killed a deep elf mage
 12255 | D:12     | Gained mutation: You are mostly covered in rugged brown
                  | scales. (AC +2, +5% HP) [demonic ancestry]
 12255 | D:12     | Reached XP level 12. HP: 92/101 MP: 20/20
 12593 | D:9      | Corrupted D:9
 12596 | D:9      | Noticed a green death
 12600 | D:9      | Noticed a starcursed mass
 12601 | D:9      | Noticed a bone dragon
 12604 | D:9      | Noticed a starcursed mass
 12717 | D:13     | Killed Jorgrun
 12717 | D:13     | Reached skill level 10 in Fighting
 12981 | D:13     | Found Joleh's Weapon Shop.
 13141 | D:14     | Noticed a seven-headed hydra
 13142 | D:14     | Banished a seven-headed hydra
 13476 | D:14     | Noticed a two-headed ogre
 13482 | D:14     | Killed a two-headed ogre
 13594 | D:14     | Reached skill level 11 in Fighting
 13617 | D:14     | Reached skill level 10 in Long Blades
 13794 | D:14     | Noticed a centaur warrior
 13800 | D:14     | Killed a centaur warrior
 13886 | D:15     | Entered Level 15 of the Dungeon
 13906 | D:15     | Gained mutation: You are completely covered in rugged brown
                  | scales. (AC +3, +7% HP) [demonic ancestry]
 13906 | D:15     | Reached XP level 13. HP: 82/113 MP: 21/21
 14062 | D:15     | Learned a level 5 spell: Silence
 14203 | D:15     | Reached skill level 1 in Hexes
 14279 | D:15     | Reached skill level 1 in Air Magic
 14375 | D:15     | Found a frozen archway.
 14385 | IceCv    | Entered an ice cave
 14427 | IceCv    | Found a transporter.
 14757 | D:15     | Noticed a dire elephant
 14797 | D:15     | Killed a dire elephant
 15008 | D:15     | Found a staircase to the Depths.
 15022 | D:15     | Reached skill level 12 in Fighting
 15146 | D:15     | Slain by a red ugly thing

Illustrated notes

Levels and vault maps discovered:
D:1:      psy_arrival_heroes, layout_basic
D:2:      wad_pebble_path, layout_basic, nicolae_ru_awakened_eye,
          nemelex_xobeh_ov_fountains_minmay, fedhas_altar_2,
          kennysheep_nondescript
D:3:      minmay_spotlight, layout_basic, chequers_serial_rivers_marsh,
          minmay_fractal_squares_diagonal_5, uniq_jessica
D:4:      layout_gridville, lemuel_crystal_altar, lemuel_coloured_pillars_altar,
          bloody_trog, uniq_sigmund
D:5:      layout_rooms, grunt_temple_overflow_open, serial_shops, shop,
          uniq_edmund
D:6:      layout_basic, yredelemnul_forgotten_temple_becter, serial_shops,
          kennysheep_mini_moat, cheibrodos_ashenzari_chains, uniq_blork_the_orc
D:7:      layout_basic, minmay_temple_entry_junction, grunt_ministairs_8,
          kennysheep_cluttered_room, minmay_misc_feat_encased,
          roderic_roman_lattice, hangedman_decor_points
D:8:      layout_rooms, nicolae_gozag_seed_capital, serial_shops, shop,
          nicolae_shop_crystal, shop, shop_fountains, shop_fountains,
          enter_bailey_7
D:9:      layout_basic, kennysheep_mini, old_standard_altar, dk_rats_in_the_wall
D:10:     layout_basic, orc_0_dummy, serial_shops, shop
D:11:     layout_basic, due_lair_maze_entry_diamond, serial_shops,
          nicolae_shop_statue_plus
D:12:     layout_roguey, enter_trove_0, serial_glass, glass_columns_c,
          glass_columns_b, glass_columns_c, glass_columns_a, glass_columns_a,
          glass_columns_c, uniq_kirke
D:13:     layout_rooms, grunt_vaults_entry_fortified, serial_shops,
          nicolae_shop_crystal, uniq_jorgrun, uniq_sonja, uniq_maurice
D:14:     layout_cave_pools, lemuel_freeze_loot_1
D:15:     hangedman_depths_entry_try_elsewhere_first, layout_cross,
          nicolae_benzene_ring, serial_ice, serial_ice_o, serial_ice_i,
          serial_ice_a, serial_ice_f, serial_ice_e, portal_ice_cave_rime,
          lightli_minifort

Skill      XL: |  1  2  3  4  5  6  7  8  9 10 11 12 13 |
---------------+----------------------------------------+-----
Long Blades    | 2 3 4 5 6 7 8 10 11 | 11.1
Dodging        | 1 2 3 5 6 7 9 |  9.2
Armour         | 2 3 4 |  4.1
Invocations    | 3 4 5 6 7 9 10 11 | 11.7
Fighting       | 4 5 6 7 8 9 11 12 | 12.2
Evocations     | 1 3 5 6 7 |  7.9
Hexes          | 4 |  4.5
Air Magic      | 4 |  4.1

Action                   |  1- 3 |  4- 6 |  7- 9 | 10-12 | 13-15 || total
-------------------------+-------+-------+-------+-------+-------++-------
Melee: Mace              |    71 |     5 |       |       |       ||    76
       Falchion          |     3 |   128 |    40 |       |       ||   171
       Kick              |     8 |    41 |    26 |    89 |    64 ||   228
       Great sword       |       |       |   178 |   290 |   103 ||   571
Throw: Dart              |       |       |     5 |       |       ||     5
Invok: Depart the Abyss  |     1 |       |       |       |       ||     1
       Corrupt           |       |       |       |     2 |       ||     2
       Banish            |       |       |       |     4 |     2 ||     6
Evoke: Wand              |       |     1 |       |    13 |     5 ||    19
  Use: Scroll            |     5 |     3 |     7 |     8 |     2 ||    25
       Potion            |       |       |     2 |     2 |     2 ||     6
 Stab: Sleeping          |     1 |       |       |       |       ||     1
       Distracted        |       |       |       |     3 |     1 ||     4
Armor: Leather armour    |    25 |    17 |     3 |       |       ||    45
       Ring mail         |       |       |    33 |    66 |    28 ||   127
Dodge: Dodged            |    59 |    99 |   211 |   274 |   148 ||   791
       Rpst.: Falchion   |       |    29 |     7 |       |       ||    36
       Great sword       |       |       |    52 |    68 |    31 ||   151

Table legend: (Time is in decaauts)
 A = Elapsed time spent in this place.
 B = Non-inter-level travel time spent in this place.
 C = Inter-level travel time spent in this place.
 D = Time resting spent in this place.
 E = Time spent auto-exploring this place.
 F = Levels seen in this place.
 G = Mean time per level.
                   A        B        C        D        E       F      G
               +--------+--------+--------+--------+--------+-----+--------+
         Total |  15361 |  14296 |   1065 |   2748 |   8691 |  18 |  853.4 |
       Dungeon |  14946 |  13881 |   1065 |   2710 |   8520 |  15 |  996.4 |
         Abyss |      0 |      0 |      0 |      0 |      0 |   1 |    0.0 |
        Bailey |    348 |    348 |      0 |     38 |    133 |   1 |  348.0 |
      Ice Cave |     66 |     66 |      0 |      0 |     38 |   1 |   66.0 |
               +--------+--------+--------+--------+--------+-----+--------+

Top non-repeatable levels by time:
     D:4: 1681 daAuts
     D:2: 1501 daAuts
    D:11: 1291 daAuts
     D:3: 1222 daAuts
    D:15: 1207 daAuts
    D:12: 1067 daAuts
     D:6: 990 daAuts
     D:5: 976 daAuts
     D:7: 840 daAuts
    D:14: 832 daAuts
     D:1: 776 daAuts
    D:10: 681 daAuts
     D:9: 643 daAuts
     D:8: 631 daAuts
    D:13: 601 daAuts
